 Dungeon Crawl Stone Soup version 0.26.0-57-g60708a5e39 (webtiles) character file.

Game seed: 17300563306221836233

439 Gadfly the Unbeliever (level 7, 0/66 HPs)
             Began as an Ogre Gladiator on Feb 2, 2021.
             Slain by a bat (1 damage)
             ... summoned by Eustachio
             ... on level 4 of the Dungeon.
             The game lasted 00:06:18 (3947 turns).

Gadfly the Unbeliever (Ogre Gladiator)              Turns: 3947, Time: 00:06:19

Health: 0/66       AC:  6    Str: 21      XL:     7   Next: 1%
Magic:  9/9        EV: 10    Int:  9      God:
Gold:   177        SH:  0    Dex:  6 (10) Spells: 6/6 levels left

rFire    + + .     SeeInvis +   a - +0 flail
rCold    + + .     Faith    .   (no shield)
rNeg     . . .     Spirit   .   f - +2 robe {rC+ rF+}
rPois    +         Reflect  .   c - +1 hat
rElec    +         Harm     .   (no cloak)
rCorr    +         Rampage  .   (gloves unavailable)
Will     .....                  (boots unavailable)
Stlth    +.........             (no amulet)
HPRegen  0.21/turn              i - ring of poison resistance
MPRegen  0.11/turn              b - ring of see invisible

@: about to teleport, resistant, attractive
A: large, unfitting armour, tough skin 1
a: no special abilities


You were on level 4 of the Dungeon.
You visited 1 branch of the dungeon, and saw 4 of its levels.

You collected 177 gold pieces.

Inventory:

Hand Weapons
 a - a +0 flail (weapon)
Missiles
 d - 2 throwing nets (quivered)
 e - 6 boomerangs
 n - 8 silver javelins
Armour
 c - a +1 hat (worn)
 f - a +2 robe of resistance (worn)
Jewellery
 b - a ring of see invisible (right hand)
 i - a ring of poison resistance (left hand)
Scrolls
 o - a scroll of identify
Potions
 g - a potion of curing
 k - a potion of might
 m - a potion of flight


   Skills:
 - Level 2.6 Fighting
 + Level 3.4 Maces & Flails
 + Level 3.0 Throwing
 * Level 2.6 Armour
 - Level 2.6 Dodging
 * Level 3.5 Invocations
 * Level 2.7 Evocations


You had 6 spell levels left.
You didn't know any spells.
Your spell library was empty.

Dungeon Overview and Level Annotations

Branches:
Dungeon (4/15)
 Temple: D:4-7

Altars:
Xom

Annotations:
D:4 Eustachio


Innate Abilities, Weirdness & Mutations

You are too large for most types of armour.
You have tough skin. (AC +1)


Message History

* * * LOW HITPOINT WARNING * * *
The quokka barely misses you.
You see here a throwing net.
d - 2 throwing nets (gained 1)
The bat barely misses you. The bat hits you but does no damage.
The river rat bites you but does no damage.
The quokka closely misses you.
As you read the scroll labelled KAMPE JOYPYOTH, it crumbles to dust.
You feel strangely unstable.
It was a scroll of teleportation.
The bat hits you but does no damage. x2
The gnoll hits you from afar with a +1 vorpal halberd.
* * * LOW HITPOINT WARNING * * *
x2 The gnoll hits you but does no damage.
The quokka closely misses you.
The river rat twitches its whiskers.
The river rat bites you.
* * * LOW HITPOINT WARNING * * *
It was a potion of attraction.
You feel attractive to monsters. The bat hits you.
You die...

.######## #..#
## ##..####
###...##..
#...<##..#
##...## .g#
########...##
#S#
#.........##
#g##
...###....#
#gr# #.##
##...# #@b#
#.# #...#
##r## #.#
##..# ##r##
#.# #..####@##
#.# #...#..##
..## #.....#
...### #....##
.....####...##
#..)...#...##


You could see Eustachio, 3 gnolls, an adder, a river rat (summoned), a quokka
(summoned), a bat (summoned) and a rat (summoned).

Vanquished Creatures
  An ice beast (D:3)
  A phantom (D:4)
  A bullfrog (D:3)
  A howler monkey (D:4)
  An orc wizard (D:4)
  Jessica (D:2)
  An adder (D:3)
  An ooze (D:3)
  4 worms
  4 dart slugs
  3 orcs (D:4)
  2 ball pythons (D:3)
  7 bats
  4 giant cockroaches
  13 goblins
  5 hobgoblins
  2 quokkas (D:3)
  5 frilled lizards
  8 kobolds
  6 rats
71 creatures vanquished.

Notes
Turn   | Place    | Note
-------+----------+-------------------------------------------
     0 | D:1      | Gadfly the Ogre Gladiator began the quest for the Orb.
     0 | D:1      | Reached XP level 1. HP: 22/22 MP: 1/1
   126 | D:1      | Reached XP level 2. HP: 29/29 MP: 2/2
   265 | D:1      | Reached skill level 1 in Invocations
   550 | D:1      | Reached skill level 1 in Evocations
   611 | D:1      | Reached XP level 3. HP: 36/36 MP: 3/3
  1523 | D:2      | Found a faded altar of an unknown god.
  1552 | D:2      | Reached skill level 1 in Armour
  1637 | D:2      | Noticed Jessica
  1645 | D:2      | Killed Jessica
  1646 | D:2      | Reached XP level 4. HP: 38/44 MP: 5/5
  2165 | D:2      | Found a shadowy altar of Dithmenos.
  2167 | D:2      | Found a sparkling altar of Nemelex Xobeh.
  2167 | D:2      | Found a glowing silver altar of Zin.
  2169 | D:2      | Found a bloodstained altar of Trog.
  2169 | D:2      | Found a bloodstained altar of Trog.
  2169 | D:2      | Found a shimmering altar of Xom.
  2255 | D:3      | Noticed a bullfrog
  2264 | D:3      | Killed a bullfrog
  2265 | D:3      | Reached XP level 5. HP: 27/50 MP: 6/6
  3172 | D:3      | Noticed an ice beast
  3187 | D:3      | Killed an ice beast
  3188 | D:3      | Reached XP level 6. HP: 37/59 MP: 8/8
  3502 | D:4      | Noticed a phantom
  3759 | D:4      | Killed a phantom
  3760 | D:4      | Reached XP level 7. HP: 37/66 MP: 9/9
  3912 | D:4      | Noticed Eustachio
  3946 | D:4      | HP: 1/66 [river rat[Eustachio] (5)]
  3947 | D:4      | Slain by a bat

Illustrated notes

Levels and vault maps discovered:
D:1:      heliophobic_arrival_enchanted_forest, layout_basic
D:2:      layout_basic, chequers_ecumenical_altar_lobes, doesnt_xom_only_xom,
          uniq_jessica
D:3:      layout_rooms
D:4:      layout_layer_cave, lemuel_crystal_altar,
          nicolae_overflow_hidden_temple, uniq_eustachio, uniq_blork_the_orc,
          uniq_edmund

Skill      XL: |  1  2  3  4  5  6 |
---------------+-------------------+-----
Invocations    | 1 2 3 |  3.5
Evocations     | 1 2 |  2.7
Armour         | 1 2 |  2.6
Maces & Flails | 3 |  3.4
Throwing       | 3 |  3.0
Fighting       | |  2.6
Dodging        | |  2.6

Action                   |  1- 3 |  4- 6 |  7- 9 || total
-------------------------+-------+-------+-------++-------
Melee: Flail             |    89 |   163 |    19 ||   271
Throw: Stone             |    13 |       |       ||    13
       Boomerang         |     1 |    20 |     1 ||    22
       Throwing net      |       |       |     2 ||     2
  Use: Scroll            |     5 |     5 |     1 ||    11
       Potion            |     2 |     2 |     3 ||     7
 Stab: Sleeping          |     1 |       |       ||     1
       Invisible         |     1 |       |       ||     1
Armor: Robe              |    27 |    68 |    35 ||   130
Dodge: Dodged            |    47 |    87 |    48 ||   182
